 Dungeon Crawl Stone Soup version 0.31-a0-175-g9f7f995f2b (webtiles) character file.

Game seed: 12745862341286423877

589 qw the Chopper (level 7, -9/43 HPs)
             Began as a Gargoyle Fighter on June 17, 2023.
             Mangled by an ogre
             ... wielding a +0 giant club
              (27 damage)
             ... on level 4 of the Dungeon.
             The game lasted 00:01:39 (3447 turns).

qw the Chopper (Gargoyle Fighter)                   Turns: 3447, Time: 00:01:40

Health: -9/43      AC: 17    Str: 21    XL:     7   Next: 38%
Magic:  7/7        EV:  8    Int:  9    God:
Gold:   165        SH:  4    Dex:  9    Spells: 6/6 levels left

rFire   . . .        m - +0 war axe (spect)
rCold   . . .        c - +0 buckler
rNeg    + . .        p - +0 chain mail
rPois   inf          a - +2 helmet
rElec   +            (no cloak)
rCorr   .            (no gloves)
SInv    .            (no boots)
Will    +....        (no amulet) Stlth
                     j - ring of willpower
HPRegen 0.27/turn    (no ring)
MPRegen 0.10/turn

%: no passive effects
@: no status effects
A: sickness immunity, AC +4, negative energy resistance 1, electricity
resistance, torment resistance 1, petrification resistance
a: no special abilities


You were on level 4 of the Dungeon.
You visited 1 branch of the dungeon, and saw 4 of its levels.

You collected 214 gold pieces.
You spent 49 gold pieces at shops.


Innate Abilities, Weirdness & Mutations

You are immune to sickness and miasma.
Your stone body is resilient. (AC +4)
You are immune to poison.
You resist negative energy. (rN+)
You are resistant to electric shocks. (rElec)
You are resistant to unholy torment.
You are immune to petrification.


   Skills:
 - Level 4.2 Fighting
 + Level 6.3 Axes
 - Level 3.2 Armour
 - Level 2.2 Dodging
 - Level 3.2 Shields


You had 6 spell levels left.
You didn't know any spells.
Your spell library was empty.

Inventory:

Hand Weapons
 m - a +0 spectral war axe (weapon)
 n - a +0 flail
Armour
 a - a +2 helmet (worn)
 c - a +0 buckler (worn)
 k - a +0 pair of gloves
 p - a +0 chain mail (worn)
Jewellery
 j - a ring of willpower (left hand)
Wands
 i - a wand of digging (6)
Scrolls
 b - a scroll of noise {unknown}
 e - a scroll of identify
 q - 2 scrolls of teleportation
Potions
 d - a potion of might
 f - a potion of curing
 g - a potion of heal wounds {unknown}
 h - a potion of haste
 l - 3 potions of lignification

Dungeon Overview and Level Annotations

Branches:
Dungeon (4/15)
 Temple: D:4-7

Altars:
Cheibriados

Shops:
D:4 [


Message History

You slash the steam dragon!
The steam dragon is severely wounded.
Your +0 spectral war axe hits the steam dragon!
You kill the steam dragon!
The steam dragon scales are intact enough to wear.
You are engulfed in a cloud of scalding steam.
Something bites your +0 spectral war axe.
Your spectral weapon shares its damage with you!
Your Dodging skill gained 2 levels and is now at level 2!
You have reached level 7!
3443 ||| Stepping ~*~*~tactically~*~*~ (cloud).
Your +0 spectral war axe disappears.
You closely miss the iguana.
Your +0 spectral war axe hits the iguana!
You are engulfed in a cloud of scalding steam.
The iguana bites you!
You hit the iguana.
You kill the iguana!
Your +0 spectral war axe disappears.
You are engulfed in a cloud of scalding steam.
The dart slug launches a dart at you.
The slug dart hits you but does no damage.
Enter note:
Enter note:
Enter note:
Enter note:
Enter note:
Enter note:
Enter note:
Enter note:
Enter note:
Enter note:
Enter note:
Enter note:
Enter note:
Enter note:
Enter note: The ogre hits you with a +0 giant club!!
Ouch! That really hurt!
You die...

##.# ..####.###.. #...
.#..........# #...
#...........# . #...
...........##.# #...
..........)..... #...
...#.......... #...
...$.JSO...# #...
#:....w#@..##... #...
##[........ ... ##.#
###.......... ..# #..
#..####........#... ..##.#
#................. # ..#.#
##.###.####........#.##....
#.....# ##..#.#.#.#....#
#####.# ....#.#.#...<# #.#
..............


You could see an ogre, an adder and an endoplasm.

Vanquished Creatures
  A steam dragon (D:4)
  A sky beast (D:4)
  A phantom (D:4)
  A hound (D:3)
  An orc priest (D:3)
  2 iguanas (D:4)
  Terence (D:2)
  A mummy (D:3)
  Robin (D:1)
  4 adders
  3 worms
  8 orcs
  11 bats
  4 endoplasms
  3 giant cockroaches (D:1)
  13 goblins
  8 hobgoblins
  4 jackals (D:1)
  3 quokkas
  7 ball pythons
  A frilled lizard (D:1)
  5 kobolds
  7 rats
91 creatures vanquished.

Notes
Turn   | Place    | Note
-------+----------+-------------------------------------------
     0 | D:1      | qw the Gargoyle Fighter began the quest for the Orb.
     0 | D:1      | Reached XP level 1. HP: 14/14 MP: 1/1
     0 | D:1      | 0 ||| qw: Version: 0.3-a-2-g5ab2908
     0 | D:1      | 0 ||| qw: Game counter: 382
     0 | D:1      | 0 ||| qw: Always use a shield: true
     0 | D:1      | 0 ||| qw: God list: Okawaru
     0 | D:1      | 0 ||| qw: Allow faded altars: false
     0 | D:1      | 0 ||| qw: Do Orc after D:15 true
     0 | D:1      | 0 ||| qw: Do second Lair branch before Depths: true
     0 | D:1      | 0 ||| qw: Lair rune preference: random
     0 | D:1      | 0 ||| qw: Plans: Normal, Zot:1-4, Slime:5, God:TSO, Crypt,
                  | Tomb, Abyss, Pan, Hells, Win
     0 | D:1      | 0 ||| PLANNING D:1-11
    60 | D:1      | 60 ||| Stepping ~*~*~tactically~*~*~ (stealth).
    66 | D:1      | Reached skill level 2 in Axes
    92 | D:1      | Reached XP level 2. HP: 16/19 MP: 2/2
   345 | D:1      | 345 ||| Stepping ~*~*~tactically~*~*~ (stealth).
   449 | D:1      | Reached skill level 3 in Axes
   463 | D:1      | Reached XP level 3. HP: 19/23 MP: 3/3
   922 | D:1      | 922 ||| UPGRADING to +0 helmet.
   927 | D:1      | 927 ||| READING scroll labelled OMMEZAG MECE.
   928 | D:1      | 928 ||| READING scroll labelled IFINUPL EFAMPEORGH.
   931 | D:1      | 931 ||| READING scroll labelled CURPHUUTR XOBE.
   971 | D:2      | Noticed Robin
   976 | D:2      | 976 ||| STAIRDANCE
   996 | D:2      | 996 ||| STAIRDANCE
  1025 | D:2      | 1025 ||| STAIRDANCE
  1027 | D:1      | Killed Robin
  1047 | D:1      | 1047 ||| UPGRADING to +2 helmet.
  1057 | D:1      | 1057 ||| DROPPING +0 helmet.
  1168 | D:2      | Reached XP level 4. HP: 28/28 MP: 4/4
  1290 | D:2      | Reached skill level 4 in Axes
  1301 | D:2      | 1301 ||| Stepping ~*~*~tactically~*~*~ (stealth).
  1473 | D:2      | Noticed Terence
  1481 | D:2      | Killed Terence
  1676 | D:2      | 1676 ||| FLEEEEING.
  1677 | D:2      | 1677 ||| FLEEEEING.
  1678 | D:2      | 1678 ||| Stepping ~*~*~tactically~*~*~ (hiding).
  1679 | D:2      | 1679 ||| Stepping ~*~*~tactically~*~*~ (hiding).
  1682 | D:2      | Reached XP level 5. HP: 30/32 MP: 5/5
  1789 | D:2      | 1789 ||| DROPPING +0 whip.
  1800 | D:2      | Found a faded altar of an unknown god.
  1802 | D:2      | Identified the +0 robe of Fun and Games {Rampage Dex+2}
  2058 | D:2      | 2058 ||| UPGRADING to ring of willpower.
  2059 | D:2      | 2059 ||| READING scroll labelled JUFUTZ VEQOYTI.
  2060 | D:2      | 2060 ||| READING scroll labelled UVOQYOSEQA.
  2061 | D:2      | 2061 ||| DRINKING 3 fizzy brown potions.
  2175 | D:3      | 2175 ||| FLEEEEING.
  2176 | D:3      | 2176 ||| FLEEEEING.
  2177 | D:3      | 2177 ||| FLEEEEING.
  2178 | D:3      | 2178 ||| FLEEEEING.
  2179 | D:3      | 2179 ||| FLEEEEING.
  2180 | D:3      | 2180 ||| FLEEEEING.
  2181 | D:3      | 2181 ||| FLEEEEING.
  2182 | D:3      | 2182 ||| FLEEEEING.
  2183 | D:3      | 2183 ||| FLEEEEING.
  2184 | D:3      | 2184 ||| FLEEEEING.
  2185 | D:3      | 2185 ||| FLEEEEING.
  2186 | D:3      | 2186 ||| FLEEEEING.
  2187 | D:3      | 2187 ||| Stepping ~*~*~tactically~*~*~ (hiding).
  2196 | D:3      | HP: 1/32 [orc priest/divine providence (12)]
  2197 | D:3      | 2197 ||| READING scroll of teleportation.
  2425 | D:3      | Reached skill level 5 in Axes
  2477 | D:3      | Found a snail-covered altar of Cheibriados.
  2545 | D:3      | 2545 ||| Stepping ~*~*~tactically~*~*~ (stealth).
  2562 | D:3      | 2562 ||| Stepping ~*~*~tactically~*~*~ (stealth).
  2592 | D:3      | 2592 ||| Stepping ~*~*~tactically~*~*~ (stealth).
  2812 | D:3      | 2812 ||| Stepping ~*~*~tactically~*~*~ (hiding).
  2813 | D:3      | 2813 ||| Stepping ~*~*~tactically~*~*~ (hiding).
  3153 | D:3      | 3153 ||| UPGRADING to +0 chain mail.
  3163 | D:3      | 3163 ||| DROPPING +0 scale mail.
  3164 | D:3      | 3164 ||| READING 2 scrolls labelled MECEUK YQ OVU.
  3165 | D:3      | 3165 ||| READING scroll labelled ROWACO QAWEORO.
  3166 | D:3      | 3166 ||| DRINKING 2 fuming black potions.
  3167 | D:3      | 3167 ||| DRINKING 2 blue potions.
  3168 | D:3      | 3168 ||| DROPPING scroll of fog.
  3203 | D:4      | Noticed a phantom
  3215 | D:4      | Killed a phantom
  3216 | D:4      | Reached XP level 6. HP: 36/38 MP: 6/6
  3377 | D:4      | Found Xiys Ema's Armour Shoppe.
  3385 | D:4      | 3385 ||| BUYING +0 pair of gloves (49 gold).
  3385 | D:4      | Bought a +0 pair of gloves for 49 gold pieces
  3385 | D:4      | 3385 ||| SHOPLISTING +2 cloak of stealth (236 gold, have
                  | 165).
  3420 | D:4      | Noticed a steam dragon
  3420 | D:4      | Noticed a sky beast
  3421 | D:4      | 3421 ||| Stepping ~*~*~tactically~*~*~ (stealth).
  3425 | D:4      | 3425 ||| Stepping ~*~*~tactically~*~*~ (hiding).
  3436 | D:4      | Killed a sky beast
  3437 | D:4      | Reached skill level 6 in Axes
  3442 | D:4      | Killed a steam dragon
  3443 | D:4      | Reached XP level 7. HP: 41/43 MP: 7/7
  3443 | D:4      | 3443 ||| Stepping ~*~*~tactically~*~*~ (cloud).
  3447 | D:4      | Mangled by an ogre

Levels and vault maps discovered:
D:1:      lemuel_arrival_muddy, layout_loops_corners
D:2:      layout_loops_ring, hellmonk_ecumenical_altar_defaced_shrine,
          minmay_heptomino_d4, uniq_terence, uniq_robin
D:3:      layout_loops_ring, slow_altar_1
D:4:      layout_basic, mainiacjoe_overflow_alcove_1,
          minmay_temple_entry_nine_rooms, serial_shops,
          nicolae_shop_just_a_little_nook, hex_intersection,
          nicolae_kite_square_tiling_tiny, chequers_big_river,
          minmay_manual_moon

Skill      XL: |  1  2  3  4  5  6 |
---------------+-------------------+-----
Axes           | 2 3 4 5 6 |  6.3
Fighting       | 4 |  4.2
Dodging        | 2 |  2.2
Armour         | |  3.2
Shields        | |  3.2

Action                     |  1- 3 |  4- 6 |  7- 9 || total
---------------------------+-------+-------+-------++-------
  Melee: War axe           |   108 |   145 |     2 ||   255
    Use: Scroll            |     3 |     5 |       ||     8
         Potion            |       |     3 |       ||     3
   Stab: Distracted        |       |     1 |       ||     1
 Armour: Scale mail        |    57 |    52 |       ||   109
         Chain mail        |       |    16 |     1 ||    17
  Dodge: Dodged            |    65 |    49 |       ||   114
  Block: Buckler           |    21 |    18 |       ||    39

Table legend:
 A = Non-vault XP
 B = Vault XP
 C = Vault XP percentage of total XP
 D = Non-vault monster count
 E = Vault monster count
 F = Vault count percentage of total count
                 A         B        C        D         E       F
            +---------+---------+-------+---------+---------+-------
      Total |     373 |     469 |  55.7 |      68 |      23 |  25.3
            +---------+---------+-------+---------+---------+-------
        D:1 |      39 |      23 |  37.1 |      22 |       6 |  21.4
        D:2 |      49 |      58 |  54.2 |      23 |      12 |  34.3
        D:3 |     129 |      18 |  12.2 |      18 |       1 |   5.3
        D:4 |     156 |     370 |  70.3 |       5 |       4 |  44.4
            +---------+---------+-------+---------+---------+-------
